[Event "ICC tourney 2516 (60 10)"]
[Site "Internet Chess Club"]
[Date "2021.04.17"]
[Round "2"]
[White "WEYMAN, GRANT A:grantwey"]
[Black "RAJENDRAN, ISHAAN:ArtMan2030"]
[Result "0-1"]
[ICCResult "White resigns"]
[WhiteElo "669"]
[BlackElo "1148"]
[Opening "Caro-Kann: advance variation"]
[ECO "B12"]
[NIC "CK.02"]
[Time "13:17:57"]
[PlyCount "74"]
[TimeControl "3600+10"]

1. e4 c6 2. d4 d5 3. e5 c5 4. c3 Nc6 5. Be3 Bf5 6. Bb5 cxd4 7. cxd4 Bxb1 8.
Qxb1 Qa5+ 9. b4 Qxb5 10. a3 e6 11. Ra2 a5 12. Bd2 Nxd4 13. Qb2 Qd3 14. Be3
Nc6 15. bxa5 Nxa5 16. Bd2 Nb3 17. Bc3 Qc4 18. Ne2 Nh6 19. O-O Bc5 20. Rb1
Na5 21. Qb5+ Nc6 22. Qxb7 O-O 23. Rab2 Rab8 24. Qxc6 Rxb2 25. Bxb2 Bxf2+
26. Kxf2 Qxc6 27. Nd4 Qc5 28. Rc1 Qb6 29. Rc2 Rb8 30. Ke1 g6 31. Nc6 Rb7
32. Nd4 Rc7 33. Rd2 Rc4 34. Ke2 Nf5 35. Nxf5 gxf5 36. Kf3 Qb3+ 37. Kf2 Rc2
{ White resigns } 0-1

[Event "ICC tourney 2516 (60 10)"]
[Site "Internet Chess Club"]
[Date "2021.04.17"]
[Round "2"]
[White "Deng, Michael:MichaelDeng1224"]
[Black "HEMLOCK, SEBASTIAN KOH:SKH2011"]
[Result "1-0"]
[ICCResult "Black checkmated"]
[WhiteElo "1080"]
[BlackElo "777"]
[Opening "Sicilian: dragon, Yugoslav attack, Rauser variation"]
[ECO "B76"]
[NIC "SI.17"]
[Time "13:17:54"]
[PlyCount "85"]
[TimeControl "3600+10"]

1. e4 c5 2. Nf3 d6 3. d4 cxd4 4. Nxd4 Nf6 5. Nc3 g6 6. Be3 Bg7 7. f3 O-O 8.
Qd2 Nc6 9. O-O-O Nxd4 10. Bxd4 Be6 11. g4 Rc8 12. h4 Qa5 13. Kb1 Rc7 14. h5
gxh5 15. gxh5 Rfc8 16. a3 Bc4 17. h6 Bh8 18. Bxf6 Bxf6 19. Nd5 Qxd2 20.
Nxf6+ exf6 21. Bxc4 Qf4 22. Rhg1+ Kf8 23. Bb3 Qxh6 24. Rxd6 Qh2 25. Rdd1 b5
26. Rh1 Qf2 27. Rdf1 Qe3 28. Rxh7 a5 29. a4 bxa4 30. Bxa4 Rc4 31. Bb3 R4c7
32. Rhh1 Rd8 33. Rh8+ Ke7 34. Rh7 Kd6 35. Rd1+ Kc6 36. Rxd8 Qxf3 37. Bxf7
f5 38. Bd5+ Kc5 39. Rxc7+ Kb6 40. Rc6+ Kb5 41. Rb8+ Ka4 42. Bb3+ Qxb3 43.
cxb3# { Black checkmated } 1-0

[Event "ICC tourney 2516 (60 10)"]
[Site "Internet Chess Club"]
[Date "2021.04.17"]
[Round "2"]
[White "FISCHBEIN, LUCA DAVID:lucachesschess"]
[Black "PHU, EMMA:elliephuy"]
[Result "1-0"]
[ICCResult "Black checkmated"]
[WhiteElo "1409"]
[BlackElo "1014"]
[Opening "QGD Slav: 4.Nc3"]
[ECO "D15"]
[NIC "SL.03"]
[Time "13:18:02"]
[PlyCount "71"]
[TimeControl "3600+10"]

1. d4 d5 2. c4 c6 3. Nc3 Nf6 4. Nf3 Bf5 5. Bf4 e6 6. e3 Nbd7 7. Bd3 Bg6 8.
Qc2 Be7 9. O-O-O O-O 10. Bxg6 hxg6 11. Ne5 Qa5 12. h4 c5 13. h5 cxd4 14.
exd4 Nxh5 15. Nxd7 Rfd8 16. Ne5 Nxf4 17. Qd2 Nh5 18. g4 Nf6 19. Qf4 dxc4
20. Qh2 Kf8 21. Qh8+ Ng8 22. Rh7 Bf6 23. Rdh1 Rxd4 24. Qxg8+ Ke7 25. Qxf7+
Kd6 26. Qd7+ Kxe5 27. Re1+ Kf4 28. Qxe6 Bg5 29. Qe3+ Kxg4 30. Rg1+ Kf5 31.
Qxg5+ Ke6 32. Qxa5 Rf4 33. Re1+ Kd7 34. Rxg7+ Kc6 35. Qb5+ Kd6 36. Qd5# {
Black checkmated } 1-0

[Event "ICC tourney 2516 (60 10)"]
[Site "Internet Chess Club"]
[Date "2021.04.17"]
[Round "2"]
[White "RONDEAU, SANTIAGO:santiagorondeau"]
[Black "BOSE, SIDDHARTH:siddharthbose"]
[Result "0-1"]
[ICCResult "White resigns"]
[WhiteElo "1064"]
[BlackElo "1236"]
[Opening "French: King's Indian attack"]
[ECO "C00"]
[NIC "FR.02"]
[Time "13:18:12"]
[PlyCount "64"]
[TimeControl "3600+10"]

1. e4 e6 2. d3 d5 3. exd5 exd5 4. Nf3 Nf6 5. d4 Be7 6. Bd3 O-O 7. O-O b6 8.
b3 Bb7 9. Bb2 Nbd7 10. Nbd2 c5 11. c4 Rc8 12. cxd5 Nxd5 13. Rc1 N7f6 14.
Ne5 Nf4 15. Ndf3 Nxd3 16. Nxd3 Ba6 17. Qe2 Nd5 18. Qe5 Bxd3 19. dxc5 Bf6
20. Qh5 Bxb2 21. Rcd1 Nf4 22. Rxd3 Nxh5 23. Rxd8 Rfxd8 24. Rb1 Bf6 25. cxb6
axb6 26. h4 Nf4 27. g3 Ne2+ 28. Kf1 Nc3 29. Rc1 Rd1+ 30. Rxd1 Nxd1 31. Ke1
Nc3 32. g4 Nxa2 { White resigns } 0-1

[Event "ICC tourney 2516 (60 10)"]
[Site "Internet Chess Club"]
[Date "2021.04.17"]
[Round "2"]
[White "Bhatnagar, Arjun:arjunbps10"]
[Black "FIGELMAN, DAVID:tinyattacker"]
[Result "1/2-1/2"]
[ICCResult "Game drawn because neither player has mating material"]
[WhiteElo "957"]
[BlackElo "1231"]
[Opening "Four knights: Spanish, classical defense"]
[ECO "C48"]
[NIC "KP.03"]
[Time "13:18:03"]
[PlyCount "146"]
[TimeControl "3600+10"]

1. e4 e5 2. Nf3 Nc6 3. Nc3 Nf6 4. Bb5 Bc5 5. Nxe5 Bxf2+ 6. Kxf2 Nxe5 7. Rf1
c6 8. Be2 d5 9. d4 Neg4+ 10. Bxg4 Bxg4 11. Qd3 h6 12. Kg1 O-O 13. e5 Nd7
14. Be3 Be6 15. Rf3 c5 16. Rg3 c4 17. Qe2 Qh4 18. Qd2 Kh7 19. Rf1 Rh8 20.
Rf4 Qh5 21. Nb5 Kg8 22. Nd6 b6 23. Qf2 Qd1+ 24. Qf1 Qxf1+ 25. Rxf1 a6 26.
Rf4 a5 27. Rh4 Kf8 28. Rf3 a4 29. b4 cxb3 30. axb3 a3 31. Rf1 a2 32. Ra1
Nb8 33. Bd2 Nc6 34. Rf4 Ne7 35. Nb5 Bf5 36. Nd6 g6 37. g4 g5 38. Rf2 Bg6
39. Bb4 Nc6 40. Nxf7+ Nxb4 41. Nxh8+ Kg7 42. Nxg6 Kxg6 43. c3 Nd3 44. Rfxa2
Rxa2 45. Rxa2 Nc1 46. Rb2 h5 47. gxh5+ Kxh5 48. e6 Kg6 49. Rc2 Nxb3 50. e7
Kf7 51. Re2 Ke8 52. Re5 g4 53. Rxd5 Kxe7 54. Rb5 Nd2 55. Rxb6 Nf3+ 56. Kf2
Nd2 57. Ke3 Nc4+ 58. Kf4 Nxb6 59. Kxg4 Kd6 60. h4 Nd7 61. h5 Kd5 62. h6 Kc4
63. h7 Nf6+ 64. Kg5 Nxh7+ 65. Kg6 Nf8+ 66. Kf7 Nd7 67. Ke6 Kxc3 68. d5 Nb6
69. d6 Kc4 70. Ke7 Kc5 71. Ke6 Kc6 72. Ke5 Nc4+ 73. Ke6 Nxd6 { Game drawn
because neither player has mating material } 1/2-1/2

[Event "ICC tourney 2516 (60 10)"]
[Site "Internet Chess Club"]
[Date "2021.04.17"]
[Round "2"]
[White "BANDREDDI, AARUSH:AarushB"]
[Black "Romig, Olive:icicle333"]
[Result "1-0"]
[ICCResult "Black resigns"]
[WhiteElo "876"]
[BlackElo "601"]
[Opening "Two knights defense"]
[ECO "C57"]
[NIC "KP.01"]
[Time "13:20:26"]
[PlyCount "60"]
[TimeControl "3600+10"]

1. e4 e5 2. Nf3 Nc6 3. Bc4 Nf6 4. Ng5 Qe7 5. Nxf7 Qc5 6. Nxh8 Qxc4 7. d3
Qc5 8. O-O d6 9. Bg5 Be6 10. Bxf6 gxf6 11. Qh5+ Kd8 12. Nf7+ Kc8 13. Qxh7
b6 14. Qh8 d5 15. exd5 Bxd5 16. Qh3+ Kb7 17. Nh6 Nd4 18. Nc3 Be6 19. Qe3
Qc6 20. Rac1 Bg7 21. Rfe1 Rh8 22. Nf7 Bxf7 23. Qe4 Bd5 24. Qxd5 Qxd5 25.
Nxd5 Kc6 26. Nb4+ Kc5 27. c3 Nf5 28. Re4 a6 29. Nxa6+ Kb5 30. Nxc7+ Kc6 {
Black resigns } 1-0

[Event "ICC tourney 2516 (60 10)"]
[Site "Internet Chess Club"]
[Date "2021.04.17"]
[Round "2"]
[White "Hu, Ruyi:Ruyi"]
[Black "Alibhai, Aiyan Zain:Aza288"]
[Result "1-0"]
[ICCResult "Black checkmated"]
[WhiteElo "791"]
[BlackElo "424"]
[Opening "Giuoco Piano"]
[ECO "C53"]
[NIC "IG.02"]
[Time "13:18:05"]
[PlyCount "85"]
[TimeControl "3600+10"]

1. e4 e5 2. Nf3 Nc6 3. Bc4 Bc5 4. c3 d6 5. d4 exd4 6. cxd4 Bb4+ 7. Bd2
Bxd2+ 8. Nbxd2 Qf6 9. Nb3 Nge7 10. Bb5 O-O 11. O-O Qg6 12. Nh4 Qxe4 13. Nf3
Bg4 14. Bd3 Bxf3 15. Bxe4 Bxd1 16. Rfxd1 Rfe8 17. Rac1 Ng6 18. Bd3 Nf4 19.
d5 Nb4 20. Bf1 Ne2+ 21. Bxe2 Rxe2 22. a3 Nc2 23. Kf1 Rae8 24. Na5 b6 25.
Nc6 f5 26. f4 Ne3+ 27. Kxe2 Nxd1+ 28. Kxd1 Re4 29. g3 h5 30. Kd2 h4 31. Kd3
hxg3 32. hxg3 g5 33. Rf1 gxf4 34. Rxf4 Rxf4 35. gxf4 Kg7 36. Ke3 Kg6 37.
Kf3 a5 38. Kg3 Kh5 39. Ne7 c5 40. dxc6 b5 41. c7 d5 42. c8=Q d4 43. Qh8# {
Black checkmated } 1-0

[Event "ICC tourney 2516 (60 10)"]
[Site "Internet Chess Club"]
[Date "2021.04.17"]
[Round "2"]
[White "Antonios, Mila:mimiant"]
[Black "WANG, CONNOR JUNDA:czw1"]
[Result "0-1"]
[ICCResult "White checkmated"]
[WhiteElo "1023"]
[BlackElo "1359"]
[Opening "Sicilian: Kan, 5.Nc3"]
[ECO "B43"]
[NIC "SI.43"]
[Time "13:18:25"]
[PlyCount "54"]
[TimeControl "3600+10"]

1. e4 c5 2. Nf3 e6 3. Nc3 a6 4. d4 cxd4 5. Nxd4 Qc7 6. Be3 Bb4 7. Qd2 Nf6
8. Bd3 d5 9. exd5 Nxd5 10. Nde2 Nxe3 11. Qxe3 O-O 12. Qe4 f5 13. Qxb4 Nc6
14. Qh4 b5 15. a3 Bb7 16. g4 Ne5 17. Qh3 Bxh1 18. Nd4 Nxd3+ 19. Qxd3 Qe5+
20. Nce2 fxg4 21. Kd2 Be4 22. Qe3 Rad8 23. Rg1 Rf3 24. Qxf3 gxf3 25. Nc3
Qxd4+ 26. Kc1 Qxf2 27. Rh1 Qxc2# { White checkmated } 0-1

[Event "ICC tourney 2516 (60 10)"]
[Site "Internet Chess Club"]
[Date "2021.04.17"]
[Round "2"]
[White "ZHANG, DEREK:Derekzh"]
[Black "SEN, SAMANT ROBERT:srsmv"]
[Result "0-1"]
[ICCResult "White checkmated"]
[WhiteElo "861"]
[BlackElo "1223"]
[Opening "QGD"]
[ECO "D30"]
[NIC "QP.08"]
[Time "13:23:15"]
[PlyCount "88"]
[TimeControl "3600+10"]

1. d4 d5 2. c4 e6 3. Nf3 Nf6 4. Bg5 Nbd7 5. Nc3 b6 6. e3 Be7 7. cxd5 exd5
8. Bd3 c5 9. O-O O-O 10. Bb1 Ba6 11. Bxf6 Nxf6 12. Re1 Re8 13. Qc2 Bf8 14.
Ng5 h6 15. Nh7 g6 16. Nxf6+ Qxf6 17. Nxd5 Qd6 18. Nf4 Qxf4 19. Qa4 Bb7 20.
Bxg6 Qg5 21. Bxf7+ Kxf7 22. Qd7+ Re7 23. Qh3 Re4 24. Qd7+ Re7 25. Qh3 Rae8
26. Kh1 cxd4 27. Rad1 dxe3 28. fxe3 Rxe3 29. Rf1+ Kg6 30. Rf3 Bxf3 31. gxf3
Re1+ 32. Qf1 Rxf1+ 33. Rxf1 Rc8 34. Rg1 Rc1 35. Rxc1 Qxc1+ 36. Kg2 Qd2+ 37.
Kg3 Qe3 38. b4 Kg5 39. h4+ Kf5 40. b5 Bd6+ 41. Kg2 Kf4 42. a4 Qxf3+ 43. Kg1
Kg3 44. h5 Qg2# { White checkmated } 0-1

[Event "ICC tourney 2516 (60 10)"]
[Site "Internet Chess Club"]
[Date "2021.04.17"]
[Round "2"]
[White "JUTRAS, ARNAUD:arnaudjutras"]
[Black "KHAN, SAARIM YANAAL:Themarvelman"]
[Result "1-0"]
[ICCResult "Black checkmated"]
[WhiteElo "1150"]
[BlackElo "683"]
[Opening "English opening"]
[ECO "A13"]
[NIC "EO.64"]
[Time "13:18:11"]
[PlyCount "123"]
[TimeControl "3600+10"]

1. c4 e6 2. Nf3 Nc6 3. e3 Nf6 4. Nc3 d5 5. d4 Ne7 6. Bd3 g6 7. O-O Bg7 8.
b4 O-O 9. a4 a6 10. Bb2 c6 11. a5 Qd6 12. c5 Qd7 13. Na4 Qc7 14. Nb6 Rb8
15. Ne5 Nd7 16. f4 f5 17. Bc3 Nxe5 18. fxe5 Bh6 19. Qe2 Bd7 20. Be1 Nc8 21.
Bh4 Nxb6 22. axb6 Qc8 23. Be7 Rf7 24. Bd6 Ra8 25. Qf2 Bf8 26. e4 dxe4 27.
Bxe4 Bxd6 28. exd6 Qf8 29. Bd3 Re8 30. Rfe1 Qg7 31. Re5 Ref8 32. Bc4 Rf6
33. Rae1 Re8 34. Qe2 Qf7 35. Qf3 Kg7 36. Qf4 Kg8 37. R1e3 Qg7 38. h4 Kf7
39. Rg3 h5 40. Qg5 f4 41. Rf3 Rf5 42. Rxf5+ gxf5 43. Qxh5+ Kf8 44. Qg5
Qxd4+ 45. Rf2 Qxc4 46. Qh6+ Kf7 47. Qh7+ Kf6 48. Qxd7 Rh8 49. Qe7+ Ke5 50.
Qg7+ Ke4 51. Qxh8 Qc1+ 52. Rf1 Qe3+ 53. Kh1 Qe2 54. Qa1 f3 55. Re1 fxg2+
56. Kg1 Qxe1+ 57. Qxe1+ Kf3 58. Qf2+ Kg4 59. Qxg2+ Kxh4 60. d7 f4 61. d8=Q+
Kh5 62. Qh8# { Black checkmated } 1-0

[Event "ICC tourney 2516 (60 10)"]
[Site "Internet Chess Club"]
[Date "2021.04.17"]
[Round "2"]
[White "ACEVEDO HERNANDEZ, KEYLA:NYHernandez"]
[Black "Kuruvilla, Joshua Varughese:joshuakps77"]
[Result "1/2-1/2"]
[ICCResult "Game drawn by mutual agreement"]
[WhiteElo "1258"]
[BlackElo "997"]
[Opening "Scotch: Schmidt variation"]
[ECO "C45"]
[NIC "SO.04"]
[Time "13:18:30"]
[PlyCount "58"]
[TimeControl "3600+10"]

1. e4 e5 2. Nf3 Nc6 3. d4 exd4 4. Nxd4 Nf6 5. Nc3 Bb4 6. f3 d5 7. Nxc6 bxc6
8. Bd2 dxe4 9. Nxe4 Nxe4 10. Bxb4 Qh4+ 11. Ke2 Ba6+ 12. Ke3 Qf2+ 13. Kf4
g5+ 14. Kf5 Qh4 15. g4 Qh6 16. Kxe4 Qe6+ 17. Kd4 Rd8+ 18. Kc3 Rxd1 19. Rxd1
Qe3+ 20. Bd3 Qe5+ 21. Kd2 Qd5 22. Rhe1+ Kd8 23. Ke2 Re8+ 24. Kf2 Qd4+ 25.
Kg2 Rxe1 26. Bxe1 Ke8 27. Bb4 c5 28. Bc3 Qd6 29. Re1+ Kf8 { Game drawn by
mutual agreement } 1/2-1/2

[Event "ICC tourney 2516 (60 10)"]
[Site "Internet Chess Club"]
[Date "2021.04.17"]
[Round "2"]
[White "Vostrikova, Maya:MayaVostrikova"]
[Black "ASSELTA, SCARLETT:SRA0612"]
[Result "0-1"]
[ICCResult "White checkmated"]
[WhiteElo "593"]
[BlackElo "859"]
[Opening "Sicilian defense"]
[ECO "B30"]
[NIC "SI.31"]
[Time "13:18:22"]
[PlyCount "148"]
[TimeControl "3600+10"]

1. e4 c5 2. Nf3 Nc6 3. Nc3 Nf6 4. Bc4 e6 5. Bb3 d5 6. exd5 exd5 7. O-O Be7
8. Re1 O-O 9. d4 c4 10. Ba4 Nb8 11. Qe2 Be6 12. Ng5 Qd6 13. Nxe6 Qxe6 14.
Qxe6 fxe6 15. Rxe6 Bd8 16. Bf4 a6 17. Bd6 b5 18. Bxf8 Kxf8 19. Nxb5 axb5
20. Bxb5 Kf7 21. Rd6 Be7 22. Rb6 Nbd7 23. Rb7 Rd8 24. a4 Kg8 25. a5 Kf7 26.
a6 Ke6 27. a7 Ra8 28. Ra6+ Bd6 29. Bc6 Nb8 30. Ra1 Nxc6 31. Rb6 Rxa7 32.
Rxa7 Nxa7 33. Rb7 Nc6 34. c3 Na5 35. Rxg7 Nb3 36. h4 Nc1 37. Kf1 Nd3 38.
Ke2 Nxb2 39. Kd2 Ne4+ 40. Ke1 Nxc3 41. Kd2 Ne4+ 42. Kc1 Nd3+ 43. Kc2 Ndxf2
44. Rxh7 Bb4 45. h5 Ng5 46. Rg7 Kf6 47. h6 Bf8 48. Rg8 Bxh6 49. Rd8 Ke6 50.
Rb8 Bg7 51. Rb7 Bxd4 52. Kc1 Be3+ 53. Kc2 d4 54. Rb1 d3+ 55. Kc3 Kd5 56.
Rb2 Bd4+ 57. Kd2 Bxb2 58. Ke3 c3 59. Kxf2 c2 60. Kg3 c1=Q 61. Kg4 Qd1+ 62.
Kxg5 Bc1+ 63. Kf6 Qf1+ 64. Ke7 Bg5+ 65. Kd7 Qf7+ 66. Kc8 Bf4 67. Kd8 Bc7+
68. Kc8 Kd6 69. g4 Qd7+ 70. Kb7 Ba5+ 71. Ka8 Qc6+ 72. Ka7 Qb6+ 73. Ka8 Kc7
74. g5 Qb8# { White checkmated } 0-1

[Event "ICC tourney 2516 (60 10)"]
[Site "Internet Chess Club"]
[Date "2021.04.17"]
[Round "2"]
[White "AMBA, ADVAITH:advichess"]
[Black "Krishnan, Anish:AnishKrishnan"]
[Result "0-1"]
[ICCResult "White checkmated"]
[WhiteElo "859"]
[BlackElo "1195"]
[Opening "Sicilian: Smith-Morra gambit"]
[ECO "B21"]
[NIC "SI.48"]
[Time "13:18:16"]
[PlyCount "122"]
[TimeControl "3600+10"]

1. e4 c5 2. d4 cxd4 3. c3 dxc3 4. Nxc3 d6 5. Nf3 Nc6 6. Bc4 h6 7. O-O Nf6
8. Re1 Bg4 9. Be3 e6 10. Bb5 Be7 11. Qa4 Bxf3 12. Bxc6+ bxc6 13. Qxc6+ Nd7
14. gxf3 O-O 15. Qa4 Ne5 16. Kg2 Nd3 17. Red1 Nxb2 18. Qb3 Nxd1 19. Rxd1 e5
20. Rg1 Bg5 21. Kf1 Bxe3 22. fxe3 Qf6 23. Qd1 Kh8 24. Qe2 Rac8 25. Qd2
Qxf3+ 26. Ke1 Qf6 27. Rf1 Qh4+ 28. Kd1 Rc4 29. Rg1 Rfc8 30. Qg2 Qh5+ 31.
Kd2 g6 32. Rc1 Qh4 33. h3 Qd8 34. Kd3 Qa5 35. Qb2 Qa6 36. Kd2 Qc6 37. a4
Qd7 38. Ne2 Rxc1 39. Nxc1 Qxh3 40. Qb7 Qg2+ 41. Ne2 Rf8 42. Kd3 f5 43. Qxa7
Qxe4+ 44. Kd2 Rc8 45. Nc3 Qb4 46. Qd7 Qxc3+ 47. Ke2 e4 48. Qxd6 Qb2+ 49.
Qd2 Rc2 50. Qxc2 Qxc2+ 51. Ke1 Qxa4 52. Kf2 Qc2+ 53. Kg3 h5 54. Kh4 Qh2+
55. Kg5 Qg3+ 56. Kf6 h4 57. Kf7 h3 58. Kf8 h2 59. Ke7 h1=Q 60. Kd8 Qh7 61.
Kc8 Qgc7# { White checkmated } 0-1

[Event "ICC tourney 2516 (60 10)"]
[Site "Internet Chess Club"]
[Date "2021.04.17"]
[Round "2"]
[White "Han, Leqi:LH2013"]
[Black "Cheng, Samuel:Samuel1001"]
[Result "1-0"]
[ICCResult "Black checkmated"]
[WhiteElo "1219"]
[BlackElo "724"]
[Opening "Queen's gambit declined"]
[ECO "D30"]
[NIC "QP.08"]
[Time "13:18:46"]
[PlyCount "137"]
[TimeControl "3600+10"]

1. d4 d5 2. c4 e6 3. cxd5 exd5 4. Bf4 Nf6 5. Nf3 Bf5 6. Nc3 Be7 7. e3 O-O
8. Bd3 Bxd3 9. Qxd3 Nbd7 10. O-O c5 11. Qb5 b6 12. Rfd1 Rc8 13. Qa6 Ra8 14.
Rac1 Qc8 15. Qxc8 Raxc8 16. dxc5 Rxc5 17. b4 Rcc8 18. a3 Rfd8 19. g3 Nf8
20. Nb5 a6 21. Nbd4 Ng6 22. Bc7 Re8 23. Bxb6 Bd6 24. Nf5 Bf8 25. Bd4 Rcd8
26. Bxf6 gxf6 27. Rc6 Re6 28. Rc7 Ne5 29. Ne1 Bd6 30. Nxd6 Rexd6 31. Rc5
Nc4 32. a4 Kf8 33. Nd3 Ke7 34. Nf4 Nb6 35. a5 Na4 36. Rc2 Rb8 37. Nxd5+ Kf8
38. Ra1 Rxd5 39. Rxa4 Rd1+ 40. Kg2 Rb1 41. Rc6 R8xb4 42. Rxb4 Rxb4 43. Rxa6
Ke7 44. Ra8 Ra4 45. a6 Kd6 46. a7 Kc7 47. Rf8 Rxa7 48. Rxf7+ Kb6 49. Rxa7
Kxa7 50. Kf3 Kb6 51. Kf4 Kc5 52. Kf5 Kd6 53. Kxf6 Kd5 54. f4 Ke4 55. f5
Kxe3 56. Ke7 Ke4 57. f6 Kf5 58. f7 Kg6 59. f8=Q Kh5 60. Qg7 h6 61. Qe5+ Kg4
62. Kf6 Kf3 63. Kf5 Kg2 64. Qe2+ Kg1 65. Kf4 Kh1 66. Qf1+ Kxh2 67. g4 h5
68. Qf2+ Kh3 69. Qg3# { Black checkmated } 1-0

[Event "ICC tourney 2516 (60 10)"]
[Site "Internet Chess Club"]
[Date "2021.04.17"]
[Round "2"]
[White "GAO, LILIANNA:QueenOfBlade"]
[Black "Gaw, Christian:cman-g"]
[Result "1-0"]
[ICCResult "Black checkmated"]
[WhiteElo "998"]
[BlackElo "738"]
[Opening "Giuoco Piano"]
[ECO "C54"]
[NIC "IG.02"]
[Time "13:18:35"]
[PlyCount "97"]
[TimeControl "3600+10"]

1. e4 e5 2. Nf3 Nc6 3. Bc4 Bc5 4. c3 Nf6 5. d4 exd4 6. cxd4 Bb4+ 7. Nc3
Nxe4 8. O-O Bxc3 9. bxc3 O-O 10. Qc2 d5 11. Bd3 Bf5 12. Re1 Re8 13. Bg5 f6
14. Bf4 Qd7 15. Rab1 Rab8 16. c4 Re7 17. Rb5 Rd8 18. Rxd5 Qe6 19. Rxd8+
Nxd8 20. Nh4 g5 21. Nxf5 Qxf5 22. Bg3 Qa5 23. Qc1 Kf8 24. Rxe4 Rxe4 25.
Bxe4 f5 26. Bxc7 Qxc7 27. Bxf5 Qg7 28. d5 Kf7 29. h3 a6 30. Bg4 Qg6 31. Qd1
Kf6 32. Qd4+ Kf7 33. Qe5 Qb1+ 34. Kh2 Qb6 35. Bh5+ Kf8 36. Qh8+ Ke7 37.
Qxh7+ Kf8 38. Qf5+ Ke7 39. Qxg5+ Kf8 40. c5 Qc7+ 41. d6 Qd7 42. Qf6+ Kg8
43. Qe7 Qc8 44. d7 Qc7+ 45. Kg1 Qb8 46. Bf3 Qa8 47. Bd5+ Kh8 48. Qf8+ Kh7
49. Be4# { Black checkmated } 1-0

[Event "ICC tourney 2516 (60 10)"]
[Site "Internet Chess Club"]
[Date "2021.04.17"]
[Round "2"]
[White "CHAN, HANNAH:hannahchan"]
[Black "Gaw, Zachary:zman-g"]
[Result "1-0"]
[ICCResult "Black checkmated"]
[WhiteElo "947"]
[BlackElo "727"]
[Opening "Giuoco Piano"]
[ECO "C54"]
[NIC "IG.02"]
[Time "13:18:11"]
[PlyCount "161"]
[TimeControl "3600+10"]

1. e4 e5 2. Nf3 Nc6 3. Bc4 Bc5 4. c3 Nf6 5. d4 exd4 6. e5 Qe7 7. Qe2 Ng4 8.
cxd4 Nxd4 9. Nxd4 Bxd4 10. Qxg4 Qb4+ 11. Nd2 Bxe5 12. Bxf7+ Kxf7 13. Qxb4
Re8 14. O-O Re6 15. Nf3 Bd6 16. Qb3 Kf8 17. Re1 Rh6 18. Bxh6 gxh6 19. Re2
Bc5 20. Rae1 d6 21. Qc3 Bd7 22. Qf6+ Kg8 23. g4 Rf8 24. Qf4 Rxf4 25. Kg2
Rxg4+ 26. Kh1 Bc6 27. Re8+ Bxe8 28. Rxe8+ Kf7 29. Re2 Kf6 30. h3 Rf4 31.
Kg2 Kf5 32. Kg3 Re4 33. Rd2 Ke6 34. h4 Kd7 35. Nh2 Rd4 36. Re2 Rd3+ 37. Kg2
Kc6 38. Nf3 Kb5 39. Re7 d5 40. Rxc7 Kb6 41. Rxh7 Bf8 42. Rf7 Bd6 43. Rf6
Kc6 44. Rxh6 Kd7 45. h5 Bf4 46. Rh7+ Kc6 47. h6 Rd1 48. Ng1 d4 49. Rh8 d3
50. h7 Be5 51. Rc8+ Kd7 52. h8=Q Bxh8 53. Rxh8 d2 54. Rh7+ Ke6 55. Rh6+ Kf5
56. Rd6 Ke5 57. Rd8 Ke4 58. Nf3 Ra1 59. Nxd2+ Kf4 60. a3 Ra2 61. Rd4+ Ke5
62. Rb4 b6 63. f3 Kf5 64. Kg3 Kg5 65. Rb5+ Kf6 66. Kg4 Kg6 67. Kf4 Kf6 68.
Ne4+ Ke6 69. Kg5 Kf7 70. f4 Kg7 71. Kf5 Kf7 72. Ng5+ Kg7 73. Ke6 Kf8 74. f5
Ke8 75. f6 Kf8 76. Nh7+ Kg8 77. f7+ Kxh7 78. f8=Q Kg6 79. Qf4 Ra1 80. Rg5+
Kh6 81. Qh4# { Black checkmated } 1-0

[Event "ICC tourney 2516 (60 10)"]
[Site "Internet Chess Club"]
[Date "2021.04.17"]
[Round "3"]
[White "PRYYMAK, DAVID:SABHDavidP"]
[Black "RONDEAU, SANTIAGO:santiagorondeau"]
[Result "0-1"]
[ICCResult "White checkmated"]
[WhiteElo "206"]
[BlackElo "1064"]
[Opening "Bishop's opening: Berlin defense"]
[ECO "C24"]
[NIC "IG.04"]
[Time "16:30:43"]
[PlyCount "40"]
[TimeControl "3600+10"]

1. e4 e5 2. Bc4 Nf6 3. Qf3 Bc5 4. Nh3 Nc6 5. Nc3 O-O 6. O-O d6 7. b3 Bg4 8.
Qg3 Nd4 9. Ng5 b5 10. Qh4 bxc4 11. Nd5 Ne2+ 12. Kh1 h6 13. Nxf6+ Qxf6 14.
Qh5 Bxh5 15. Bb2 Qxg5 16. Rfe1 Nf4 17. g3 Bf3+ 18. Kg1 Nh3+ 19. Kf1 Qxd2
20. Re2 Qxe2# { White checkmated } 0-1

[Event "ICC tourney 2516 (60 10)"]
[Site "Internet Chess Club"]
[Date "2021.04.17"]
[Round "3"]
[White "SINGH, ADITYA VEER:avs12"]
[Black "WANG, DEVIN V:DVWANG"]
[Result "0-1"]
[ICCResult "White checkmated"]
[WhiteElo "855"]
[BlackElo "1064"]
[Opening "Giuoco Piano"]
[ECO "C50"]
[NIC "IG.02"]
[Time "16:30:49"]
[PlyCount "116"]
[TimeControl "3600+10"]

1. e4 e5 2. Nf3 Nc6 3. Bc4 Bc5 4. O-O d6 5. h3 Nf6 6. Nc3 O-O 7. d3 Nd4 8.
Bg5 h6 9. Bh4 c6 10. Re1 Qe7 11. Nxd4 Bxd4 12. Qf3 Bxc3 13. bxc3 Be6 14.
Bxf6 Qxf6 15. Qxf6 gxf6 16. Bb3 b5 17. Bxe6 fxe6 18. Re3 Rf7 19. Rg3+ Rg7
20. Rxg7+ Kxg7 21. d4 exd4 22. cxd4 a5 23. Re1 Rg8 24. e5 Rd8 25. exf6+
Kxf6 26. Re3 Rf8 27. Rf3+ Kg7 28. Rxf8 Kxf8 29. c3 Kf7 30. Kf1 Kf6 31. Ke2
Kf5 32. Ke3 a4 33. g4+ Kg5 34. Kd3 Kf4 35. c4 bxc4+ 36. Kxc4 e5 37. d5
cxd5+ 38. Kxd5 e4 39. Kxd6 e3 40. fxe3+ Kxe3 41. Ke5 Kf3 42. Kf5 Ke2 43.
Ke4 Kd2 44. Kd4 Kc2 45. Kc4 a3 46. Kb4 Kb2 47. h4 Kxa2 48. Kc3 Kb1 49. Kb3
a2 50. g5 a1=Q 51. gxh6 Qh8 52. Ka3 Qxh6 53. Ka4 Qxh4+ 54. Ka3 Qd8 55. Ka4
Qb6 56. Ka3 Kc2 57. Ka4 Kc3 58. Ka3 Qb3# { White checkmated } 0-1

[Event "ICC tourney 2516 (60 10)"]
[Site "Internet Chess Club"]
[Date "2021.04.17"]
[Round "3"]
[White "Goodrich, Elliott:mrforkydude"]
[Black "JUTRAS, ARNAUD:arnaudjutras"]
[Result "1-0"]
[ICCResult "Black checkmated"]
[WhiteElo "1412"]
[BlackElo "1150"]
[Opening "Caro-Kann: two knights variation"]
[ECO "B11"]
[NIC "CK.01"]
[Time "16:31:48"]
[PlyCount "25"]
[TimeControl "3600+10"]

1. e4 c6 2. Nc3 d5 3. Nf3 dxe4 4. Nxe4 Nd7 5. Bc4 Ngf6 6. Neg5 e6 7. Qe2 h6
8. Nxf7 Kxf7 9. Qxe6+ Kg6 10. Nh4+ Kh5 11. Qf5+ g5 12. Be2+ Kxh4 13. g3# {
Black checkmated } 1-0

[Event "ICC tourney 2516 (60 10)"]
[Site "Internet Chess Club"]
[Date "2021.04.17"]
[Round "3"]
[White "TIENG, JONATHAN:GawGaw314"]
[Black "NEMIROFF, SAMUEL:liznemiroff"]
[Result "1-0"]
[ICCResult "Black checkmated"]
[WhiteElo "1320"]
[BlackElo "1065"]
[Opening "Sicilian: dragon, Yugoslav attack, 10.O-O-O"]
[ECO "B78"]
[NIC "SI.18"]
[Time "16:30:54"]
[PlyCount "51"]
[TimeControl "3600+10"]

1. e4 c5 2. Nf3 g6 3. d4 cxd4 4. Nxd4 Bg7 5. Nc3 Nc6 6. Be3 d6 7. Bc4 Nf6
8. f3 O-O 9. Qd2 Bd7 10. O-O-O a6 11. h4 b5 12. Bb3 b4 13. Nce2 a5 14. Bh6
a4 15. Bc4 Qb6 16. g4 Nxd4 17. Nxd4 Rfc8 18. b3 axb3 19. Bxb3 Ba4 20. Kb1
Bxb3 21. cxb3 Ra3 22. Bxg7 Kxg7 23. h5 Rc3 24. hxg6 hxg6 25. Qh6+ Kg8 26.
Qh8# { Black checkmated } 1-0

[Event "ICC tourney 2516 (60 10)"]
[Site "Internet Chess Club"]
[Date "2021.04.17"]
[Round "3"]
[White "HEMLOCK, SEBASTIAN KOH:SKH2011"]
[Black "Tsang, Brendan:BrendanBrave"]
[Result "1-0"]
[ICCResult "Black checkmated"]
[WhiteElo "777"]
[BlackElo "588"]
[Opening "Evans gambit"]
[ECO "C51"]
[NIC "IG.05"]
[Time "16:30:34"]
[PlyCount "55"]
[TimeControl "3600+10"]

1. e4 e5 2. Nf3 Nc6 3. Bc4 Bc5 4. b4 Bxb4 5. c3 Bc5 6. d4 exd4 7. cxd4 Bb4+
8. Bd2 Bxd2+ 9. Nbxd2 d6 10. d5 Nce7 11. Ng5 f6 12. Ne6 Bxe6 13. dxe6 d5
14. exd5 Nxd5 15. Nf3 c6 16. Qb3 Qa5+ 17. Nd2 Nge7 18. Qxb7 Qd8 19. Ne4
Qa5+ 20. Ke2 Rd8 21. Rab1 Qc7 22. Qxc7 Nxc7 23. Rhd1 Rxd1 24. Rxd1 O-O 25.
Rd7 Nf5 26. e7+ Rf7 27. Rd8+ Ne8 28. Rxe8# { Black checkmated } 1-0